 Dungeon Crawl Stone Soup version 0.18-a0-1036-g7ac1859 (webtiles) character file.

76 Jmtri7 the Covered (level 4, -5/40 HPs)
             Began as a Deep Dwarf Monk on Jan 9, 2016.
             Slain by an orc wizard
             ... wielding a +2 dagger of electrocution
              (13 damage)
             ... on level 3 of the Dungeon.
             The game lasted 00:09:45 (1558 turns).

Jmtri7 the Covered (Deep Dwarf Monk)                Turns: 1558, Time: 00:09:45

Health: -5/40      AC: 12    Str: 15    XL:     4   Next: 12%
Magic:  4/4        EV: 11    Int: 11    God:
Gold:   102        SH:  0    Dex: 15    Spells: 0 memorised, 3 levels left

rFire  . . .     SeeInvis .     i - +2 dagger (protect)
rCold  . . .     Gourm    .     q - +0 scale mail
rNeg   . . .     Faith    .     (no shield)
rPois  .         Spirit   .     (no helmet)
rElec  .         Dismiss  .     (no cloak)
rCorr  .         Reflect  .     (no gloves)
SustAt .         Harm     .     (no boots)
MR     .....                    (no amulet)
Stlth  +.........               (no ring)
                                (no ring)

@: starving, non-regenerating, not resistant to hostile enchantments, very
unstealthy
A: damage resistance, recharge devices, sense surroundings 1, slow regeneration
3
a: Device Recharging


You were on level 3 of the Dungeon.
You were starving.

You visited 1 branch of the dungeon, and saw 3 of its levels.

You collected 102 gold pieces.

Inventory:

Hand Weapons
 i - a +2 dagger of protection (weapon)
Armour
 q - a +0 scale mail (worn)
Magical Staves
 r - an uncursed staff of cold
Wands
 b - a wand of heal wounds (0/9)
Scrolls
 e - 4 scrolls of identify {unknown}
 f - 2 scrolls of recharging {unknown}
 g - 2 scrolls of remove curse {unknown}
 h - a scroll of fear {unknown}
 j - 2 scrolls of immolation {unknown}
 n - 4 scrolls of teleportation {unknown}
 p - a scroll of blinking {unknown}
Potions
 d - a potion of lignification {unknown}
 k - a potion of brilliance {unknown}
 l - 3 potions of curing {unknown}
 m - a potion of heal wounds {unknown}
Comestibles
 a - 4 fruits
 c - 3 bread rations
 o - 5 chunks of flesh


   Skills:
 - Level 2.6 Fighting
 + Level 4.1 Armour
 - Level 3.2 Dodging
 - Level 2.4 Stealth
 - Level 3.6 Unarmed Combat


You had 3 spell levels left.
You didn't know any spells.

Dungeon Overview and Level Annotations

Branches:
Dungeon (3/15)

Altars:
Elyvilon


Innate Abilities, Weirdness & Mutations

You are resistant to damage.
You can recharge devices by infusing magical energy.
You passively map a small area around you.
You do not regenerate naturally.


Message History

The orc wizard is heavily wounded.
The orc wizard hits you but does no damage.
You barely miss the orc wizard.
The orc wizard is heavily wounded.
The orc wizard hits you but does no damage.
The orc wizard looks braver for a moment.
You hit the orc wizard but do no damage.
The orc wizard is heavily wounded.
The orc wizard hits you but does no damage.
You are electrocuted!
You hit the orc wizard.
The orc wizard is heavily wounded.
The orc wizard hits you but does no damage. x2
You are electrocuted!
* * * LOW HITPOINT WARNING * * *
You barely miss the orc wizard.
The orc wizard is heavily wounded.
The orc wizard hits you but does no damage.
You are electrocuted!
You die...

##...##
#...# ,*
##+##
#.#.# * *
#...#
##.###o#
* ,**
#...o.#
** *
#)##### ,
, * #o# *
, #o# * *
#@# * , *
........#
* *
#########
* * *


You could see an orc wizard and an orc.

Vanquished Creatures
  3 adders (D:2)
  5 giant geckos
  An orc (D:3)
  3 bats
  2 giant cockroaches
  5 goblins
  4 hobgoblins
  3 jackals (D:2)
  A ball python (D:2)
  A giant newt (D:1)
  8 kobolds
  9 rats
45 creatures vanquished.

Notes
Turn   | Place    | Note
--------------------------------------------------------------
     0 | D:1      | Jmtri7 the Deep Dwarf Monk began the quest for the Orb.
     0 | D:1      | Reached XP level 1. HP: 20/20 MP: 1/1
    35 | D:1      | Reached skill level 1 in Armour
   289 | D:1      | Reached XP level 2. HP: 14/27 MP: 2/2
   739 | D:2      | Reached XP level 3. HP: 29/33 MP: 3/3
  1151 | D:2      | Found a white marble altar of Elyvilon.
  1342 | D:2      | Reached skill level 4 in Armour
  1342 | D:2      | Reached XP level 4. HP: 32/40 MP: 4/4
  1558 | D:3      | Slain by an orc wizard

Vault maps used:
D:1:      moated_graveyard_arrival, serial_park_tiny_1, serial_bayou_pond_d,
          minmay_misc_feat_tower
D:2:      lemuel_crystal_altar, first_bread, corexii_item_surrounded_by_moat,
          kennysheep_generic_room_11
D:3:      marbit_many_paths, st_stairs_4

Action                   |  1- 3 |  4- 6 || total
-------------------------+-------+-------++-------
Melee: Unarmed           |    31 |       ||    31
       Dagger            |   119 |    62 ||   181
Evoke: Wand              |     1 |     4 ||     5
 Stab: Sleeping          |     3 |       ||     3
